 Dungeon Crawl Stone Soup version 0.30-a0-596-g0af90f9a20 (webtiles) character file.

Game seed: 2798410347023260667

25 bmack86 the Trooper (level 2, -5/27 HPs)
             Began as a Minotaur Fighter on Jan 7, 2023.
             Killed from afar by Sigmund (6 damage)
             ... with a puff of flame
             ... on level 2 of the Dungeon.
             The game lasted 00:01:53 (696 turns).

bmack86 the Trooper (Minotaur Fighter)               Turns: 696, Time: 00:01:54

Health: -5/27      AC:  7    Str: 26    XL:     2   Next: 86%
Magic:  1/1        EV:  9    Int:  5    God:
Gold:   76         SH:  4    Dex:  9    Spells: 1/1 levels left

rFire   . . .      SeeInvis .    a - +0 war axe
rCold   . . .      Faith    .    c - +0 buckler
rNeg    . . .      Spirit   .    b - +0 scale mail
rPois   .          Reflect  .    (helmet restricted)
rElec   .          Harm     .    (no cloak)
rCorr   .          Rampage  .    (no gloves)
Will    .....                    (no boots) Stlth
                                 (no amulet)
HPRegen 0.24/turn                j - +6 ring of strength
MPRegen 0.07/turn                (no ring)

@: no status effects
A: horns 2, retaliatory headbutt
a: no special abilities


You were on level 2 of the Dungeon.
You visited 1 branch of the dungeon, and saw 2 of its levels.

You collected 76 gold pieces.

Inventory:

Hand Weapons
 a - a +0 war axe (weapon)
Missiles
 f - 5 poisoned darts (quivered)
Armour
 b - a +0 scale mail (worn)
 c - a +0 buckler (worn)
Jewellery
 j - a +6 ring of strength (left hand)
Scrolls
 e - a scroll of noise {unknown}
 g - a scroll of brand weapon {unknown}
Potions
 d - a potion of might
 h - a potion of resistance {unknown}
 i - a potion of degeneration {unknown}
 k - a potion of berserk rage {unknown}


   Skills:
 * Level 4.1 Fighting
 * Level 3.1 Axes
 + Level 0.2 Throwing
 + Level 3.9 Armour
 + Level 3.8 Shields


You had one spell level left.
You didn't know any spells.
Your spell library was empty.

Dungeon Overview and Level Annotations

Branches:
Dungeon (2/15)

Altars:

Annotations:
D:2 Sigmund


Innate Abilities, Weirdness & Mutations

You have a pair of horns on your head.
You reflexively headbutt those who attack you in melee.


Message History

* * * LOW HITPOINT WARNING * * *
A kobold comes into view. It is wielding a +0 dagger.
The kobold shouts!
Sigmund drinks a potion.
Sigmund seems to speed up.
The kobold moves out of view.
Found 8 gold pieces.
The frilled lizard bites you.
* * * LOW HITPOINT WARNING * * *
You block Sigmund's attack.
You closely miss Sigmund.
You hit the frilled lizard but do no damage.
You block Sigmund's attack. You block the frilled lizard's attack.
The kobold hits you with a +0 dagger.
* * * LOW HITPOINT WARNING * * *
A goblin comes into view. It is wielding a +0 club.
The frilled lizard bites you but does no damage.
You hit Sigmund but do no damage. You miss the frilled lizard.
You hit the kobold. You block Sigmund's attack.
The kobold hits you but does no damage. You block the frilled lizard's attack.
Sigmund hits you but does no damage.
You slash Sigmund! You headbutt Sigmund.
Sigmund is moderately wounded.
You closely miss the frilled lizard. You miss the kobold.
The kobold barely misses you. You furiously retaliate!
You headbutt the kobold.
You kill the kobold!
You block the frilled lizard's attack. Sigmund casts a spell at you.
You resist with significant effort.
You slash Sigmund!
Sigmund is almost dead.
You miss the frilled lizard. Sigmund hits you with a +0 scythe.
* * * LOW HITPOINT WARNING * * *
The frilled lizard bites you.
* * * LOW HITPOINT WARNING * * *
Sigmund closely misses you. You block the frilled lizard's attack.
You barely miss Sigmund. Your headbutt misses Sigmund.
Sigmund is almost dead.
You miss the frilled lizard. Sigmund gestures at you while chanting.
The puff of flame hits you.
You die...

....#.# ...##.# . #.#
....#.###.##. #..
....<......#.####..# ##
(..............)... ...
.........####.....##....
.....##..... ........$#
........#### #)@....#
.....## #######.@###
......####.....l...#
....P...##......##.g#
#..P.....#......# #...#
##.†..#........## ##.#
##......##.....######...
......########........ .
........# #....#######
#.......###.####


You could see Sigmund (fast), a goblin and a frilled lizard.

Vanquished Creatures
  A bat (D:1)
  7 giant cockroaches
  2 goblins (D:1)
  2 hobgoblins (D:1)
  2 quokkas (D:1)
  3 ball pythons (D:1)
  A frilled lizard (D:1)
  2 kobolds
  2 rats (D:1)
22 creatures vanquished.

Notes
Turn   | Place    | Note
-------+----------+-------------------------------------------
     0 | D:1      | bmack86 the Minotaur Fighter began the quest for the Orb.
     0 | D:1      | Reached XP level 1. HP: 19/19 MP: 0/0
   167 | D:1      | Reached XP level 2. HP: 24/27 MP: 1/1
   322 | D:1      | Reached skill level 4 in Fighting
   684 | D:2      | Noticed Sigmund
   695 | D:2      | HP: 1/27 [frilled lizard (1)]
   696 | D:2      | Killed from afar by Sigmund

Illustrated notes

Levels and vault maps discovered:
D:1:      amcnicky_arrival_feature_with_door, layout_basic,
          chequers_serial_rivers_small_a, minmay_worlds_worst_comb
D:2:      layout_rooms, dreamdust_ecumenical_altar_sealed_demon,
          serial_park_tiny_1, dk_vineyard_2, uniq_sigmund

Skill      XL: |  1  2 |
---------------+-------+-----
Fighting       | 4 |  4.1
Axes           | 3 |  3.1
Throwing       | |  0.2
Armour         | |  3.9
Shields        | |  3.8

Action                   || total
-------------------------++-------
Melee: War axe           ||    39
       Headbutt          ||     3
Armor: Scale mail        ||    22
Dodge: Dodged            ||    24
Block: Buckler           ||    15

Table legend: (Time is in decaauts)
 A = Elapsed time spent in this place.
 B = Non-inter-level travel time spent in this place.
 C = Inter-level travel time spent in this place.
 D = Time resting spent in this place.
 E = Time spent auto-exploring this place.
 F = Levels seen in this place.
 G = Mean time per level.
                   A        B        C        D        E       F      G
               +--------+--------+--------+--------+--------+-----+--------+
         Total |    710 |    697 |     13 |      0 |    420 |   2 |  355.0 |
       Dungeon |    710 |    697 |     13 |      0 |    420 |   2 |  355.0 |
               +--------+--------+--------+--------+--------+-----+--------+

Top non-repeatable levels by time:
     D:1: 628 daAuts
     D:2: 81 daAuts
